 Dungeon Crawl Stone Soup version 0.18.1-6-gd335043 (webtiles) character file.

111 mistymad the Skirmisher (level 4, -8/29 HPs)
             Began as a Gargoyle Fighter on May 21, 2016.
             Killed by nerve-wracking pain
             ... invoked by an orc priest
              (9 damage)
             ... on level 3 of the Dungeon.
             The game lasted 00:03:36 (1534 turns).

mistymad the Skirmisher (Gargoyle Fighter)          Turns: 1534, Time: 00:03:37

Health: -8/29      AC: 11    Str: 20    XL:     4   Next: 92%
Magic:  4/4        EV:  7    Int:  8    God:
Gold:   62         SH:  9    Dex: 10    Spells: 0 memorised, 3 levels left

rFire  . . .     SeeInvis .     a - +0 flail
rCold  . . .     Gourm    .     b - +0 scale mail
rNeg   + . .     Faith    .     c - +0 shield
rPois  ∞         Spirit   .     (no helmet)
rElec  +         Dismiss  .     h - +0 cloak (curse)
rCorr  .         Reflect  .     (no gloves)
SustAt .         Harm     .     (no boots)
MR     .....                    (no amulet)
Stlth  ..........               (no ring)
                                (no ring)

@: not resistant to hostile enchantments, extremely unstealthy
A: negative energy resistance 1, electricity resistance, unbreathing,
petrification resistance, rot immunity, AC +3
a: no special abilities


You were on level 3 of the Dungeon.
You were hungry.

You visited 1 branch of the dungeon, and saw 3 of its levels.

You collected 62 gold pieces.

Inventory:

Hand Weapons
 a - a +0 flail (weapon)
Armour
 b - a +0 scale mail (worn)
 c - a +0 shield (worn)
 h - a cursed +0 cloak (worn)
Jewellery
 m - an uncursed ring of wizardry {unknown}
Wands
 q - a wand of slowing (26/48)
Scrolls
 e - a scroll of fog {unknown}
 j - 2 scrolls of blinking {unknown}
 k - 2 scrolls of identify {unknown}
 l - a scroll of fear {unknown}
 o - a scroll of enchant armour {unknown}
 p - 5 scrolls of amnesia {unknown}
Potions
 d - a potion of might
 g - a potion of cure mutation {unknown}
 i - a potion of curing {unknown}
 n - a potion of invisibility {unknown}
 r - a potion of heal wounds {unknown}
Comestibles
 f - a bread ration
 s - a meat ration
 t - 6 chunks of flesh


   Skills:
 + Level 4.1 Fighting
 + Level 2.7 Maces & Flails
 + Level 4.0 Armour
 + Level 1.2 Dodging
 + Level 3.9 Shields


You had 3 spell levels left.
You didn't know any spells.

Dungeon Overview and Level Annotations

Branches:
Dungeon (3/15)

Altars:


Innate Abilities, Weirdness & Mutations

You are resistant to torment.
Your stone body is resilient (AC +3).
You are immune to poison.
You resist negative energy.
You are resistant to electric shocks.
You can survive without breathing.
You are immune to petrification.
You are immune to rotting.


Message History

You block the orc's attack. The orc priest closely misses you.
You closely miss the orc priest.
The orc priest is heavily wounded.
The orc barely misses you. You block the orc priest's attack.
You hit the orc priest.
The orc priest is heavily wounded.
The orc barely misses you. You block the orc priest's attack.
The orc priest hits you but does no damage.
You block the orc's attack.
Unknown command.
You hit the orc priest.
The orc priest is almost dead.
The orc priest hits you but does no damage.
The orc barely misses you.
You hit the orc priest but do no damage.
The orc priest is almost dead.
You block the orc priest's attack. The orc barely misses you.
The orc priest calls down the wrath of Beogh upon you.
Pain shoots through your body!
You die...

......o.
#....#.#
#....#.. #
#.... .# .#
#.... .#..#
#...##oo..#
#...'w...#
#...###.##
####o@oo#
######


You could see an orc priest and 2 orcs.

Vanquished Creatures
  5 adders (D:2)
  A worm (D:2)
  2 dart slugs
  2 giant geckos
  An orc (D:2)
  2 ball pythons (D:1)
  4 giant cockroaches
  7 goblins
  4 hobgoblins
  7 jackals
  5 kobolds
  7 bats
  A giant newt (D:1)
  5 rats (D:1)
53 creatures vanquished.

Notes
Turn   | Place    | Note
--------------------------------------------------------------
     0 | D:1      | mistymad the Gargoyle Fighter began the quest for the Orb.
     0 | D:1      | Reached XP level 1. HP: 14/14 MP: 1/1
    74 | D:1      | Reached XP level 2. HP: 19/19 MP: 2/2
   270 | D:1      | Reached XP level 3. HP: 17/23 MP: 3/3
   772 | D:2      | Reached skill level 1 in Dodging
   811 | D:2      | Reached XP level 4. HP: 18/29 MP: 4/4
  1282 | D:2      | Found a faded altar to an unknown god.
  1529 | D:3      | HP: 1/29 [orc priest/divine providence (12)]
  1534 | D:3      | Killed from afar by an orc priest

Skill      XL: |  1  2  3  4 |
---------------+-------------+-----
Dodging        | 1 |  1.2
Fighting       | 4 |  4.1
Armour         | 4 |  4.0
Maces & Flails | |  2.7
Shields        | |  3.9

Action                   |  1- 3 |  4- 6 || total
-------------------------+-------+-------++-------
Melee: Flail             |   136 |    83 ||   219
  Eat: Chunk             |       |     2 ||     2
Armor: Scale mail        |    89 |    51 ||   140
Dodge: Dodged            |    44 |    35 ||    79
Block: Shield            |    94 |    58 ||   152
